 Dungeon Crawl Stone Soup version 0.27-a0-1188-g73eefd5def (webtiles) character file.

Game seed: 9036174541463686739

2941 freelancePsychic the Grappler (level 9, -39/88 HPs)
             Began as a Troll Earth Elementalist on May 20, 2021.
             Was an Elder of Trog.
             Annihilated by a very large slime creature (55 damage)
             ... on level 7 of the Dungeon.
             The game lasted 00:12:49 (5200 turns).

freelancePsychic the Grappler (TrEE)                Turns: 5200, Time: 00:12:50

Health: -39/88     AC:  5    Str: 21    XL:     9   Next: 51%
Magic:  9/9        EV: 11    Int: 11    God:    Trog [****..]
Gold:   284        SH:  0    Dex: 10    Spells: 9/10 levels left

rFire    . . .     SeeInvis .     - Unarmed
rCold    . . .     Faith    .   (no shield)
rNeg     . . .     Spirit   .   c - +0 robe
rPois    .         Reflect  .   (helmet restricted)
rElec    .         Harm     .   r - +0 cloak
rCorr    .         Rampage  .   (gloves unavailable)
Will     .....                  (boots unavailable)
Stlth    +.........             (no amulet)
HPRegen  1.24/turn              (no ring)
MPRegen  0.11/turn              (no ring)

@: on berserk cooldown, slowed, very slow
A: large, unfitting armour, claws 3, regeneration 1, shaggy fur 1, tough skin 1
a: Renounce Religion, Berserk, Trog's Hand, Brothers in Arms


You were on level 7 of the Dungeon.
You worshipped Trog.
Trog was greatly pleased with you.
You visited 1 branch of the dungeon, and saw 7 of its levels.

You collected 284 gold pieces.

Inventory:

Hand Weapons
 a - the +10 hunting sling "Ciugogaf" {speed, Dex+3}
   (You found it on level 4 of the Dungeon)

   Attacks with this weapon are significantly faster.
   It affects your dexterity (+3).
Missiles
 b - 172 stones (quivered)
 k - 38 poisoned darts
Armour
 c - a +0 robe (worn)
 r - a +0 cloak (worn)
Scrolls
 d - 2 scrolls of enchant weapon
 g - a scroll of blinking
 n - 2 scrolls of summoning
 o - a scroll of enchant armour
 q - a scroll of fear
Potions
 e - a potion of might
 f - 3 potions of curing {@q1}
 i - a potion of attraction {unknown}
 j - 2 potions of flight
 l - 2 potions of berserk rage
 p - a potion of cancellation {unknown}


   Skills:
 + Level 5.3 Fighting
 + Level 5.6 Dodging
 - Level 1.0 Stealth
 * Level 9.4 Unarmed Combat
 - Level 1.2 Spellcasting
 - Level 0.6 Transmutations
 - Level 2.6 Earth Magic


You had 9 spell levels left.
You knew the following spells:

 Your Spells              Type           Power      Damage    Failure   Level
a - Sandblast             Erth           12%        2d6       11%         1

Your spell library contained the following spells:

 Spells                   Type           Power      Damage    Failure   Level
 Passwall                 Tmut/Erth      3%         N/A       24%         2
 Stone Arrow              Conj/Erth      6%         3d7       50%         3
 Petrify                  Tmut/Erth      4%         N/A       85%         4
 Lee's Rapid Deconstruct  Erth           3%         3d6*      96%         5


Dungeon Overview and Level Annotations

Branches:
Dungeon (7/15)             Temple (0/1) D:6

Altars:
Hepliaklqana
Kikubaaqudgha
Okawaru
Ru
Trog
Vehumet

Shops:
D:4 :


Innate Abilities, Weirdness & Mutations

You are too large for most types of armour.
You have claws for hands.
Your natural rate of healing is unusually fast.
You are covered in fur. (AC +1)
You have tough skin. (AC +1)


Message History

You are too injured to fight recklessly!
You mangle the slime creature!!
The slime creature is severely wounded.
The slime creature closely misses you.
You claw the slime creature! You claw the slime creature.
You kill the slime creature!
Trog accepts your kill. The slime creature hits you.
Two slime creatures merge to form a large slime creature.
You mangle the slime creature!!
The slime creature is heavily wounded.
The slime creature closely misses you.
Two slime creatures merge to form a very large slime creature.
You mangle the slime creature!!
The slime creature is severely wounded.
The very large slime creature hits you!!
You mangle the slime creature!!
You feel the power of Trog in you as your rage grows.
You kill the slime creature!
Trog accepts your kill.
You completely miss the very large slime creature.
The very large slime creature closely misses you.
You claw the very large slime creature!
The very large slime creature is lightly wounded.
The very large slime creature hits you!!
You claw the very large slime creature!
The very large slime creature is lightly wounded.
You feel a strong urge to attack something.
Unknown command.
You feel your anger nearly subside.
You are no longer berserk.
You are exhausted.
You feel yourself slow down.
Unknown command.
There is an open door here.
The very large slime creature barely misses you.
The very large slime creature hits you!!
* * * LOW HITPOINT WARNING * * *
The very large slime creature hits you!!!
Ouch! That really hurt!
You die...

..........)......#
../.###...)...####
[...((..........#
####.(..........################
#....####....##.......<.....#
#....# ##'####.###########.#
#....# #.# #.# #.....# ######
#.####.#######.######
#..J@..........#.....
######.######..#....# #....#
#..#.#... ####.###..#.##..
#.)....)..... ######.#)###.
###.###. #..... ######


You could see a very large slime creature.

Vanquished Creatures
  A troll (D:5)
  Grinder (D:6)
  2 slime creatures (D:7)
  Eustachio (D:6)
  Menkaure (D:4)
  Duvessa (D:6)
  An orc warrior (D:7)
  2 hornet zombies
  A sky beast (D:6)
  A necrophage (D:6)
  3 ogres
  A centaur (D:5)
  Blork the orc (D:6)
  Dowan (D:6)
  A centaur zombie (D:6)
  2 bullfrog zombies
  7 orc priests
  2 hounds
  Crazy Yiuf (D:6)
  2 centaur skeletons (D:6)
  An iguana (D:6)
  4 orc wizards
  Natasha (D:4)
  14 adders
  A howler monkey skeleton (D:6)
  A shadow imp (D:7)
  A white imp (D:6)
  An ufetubus (D:4)
  2 adder skeletons (D:4)
  A worm (D:3)
  4 dart slugs
  20 orcs
  10 endoplasms
  2 giant cockroaches (D:3)
  7 hobgoblins
  14 jackals
  7 kobolds
  6 quokkas
  6 ball pythons
  8 bats
  5 frilled lizards
  7 goblins
  8 rats
164 creatures vanquished.

Vanquished Creatures (others)
  A plant (D:6)
1 creature vanquished.

Grand Total: 165 creatures vanquished

Notes
Turn   | Place    | Note
-------+----------+-------------------------------------------
     0 | D:1      | freelancePsychic the Troll Earth Elementalist began the
                  | quest for the Orb.
     0 | D:1      | Reached XP level 1. HP: 16/16 MP: 1/1
   190 | D:1      | Reached skill level 1 in Unarmed Combat
   196 | D:1      | Reached XP level 2. HP: 26/26 MP: 2/2
   333 | D:1      | Found a faded altar of an unknown god.
   368 | D:1      | Reached skill level 2 in Unarmed Combat
   372 | D:1      | Became a worshipper of Trog the Wrathful
   372 | D:1      | Reached * piety under Trog
   395 | D:1      | Reached skill level 1 in Fighting
   497 | D:1      | Reached XP level 3. HP: 33/33 MP: 3/3
  1400 | D:2      | Reached ** piety under Trog
  1451 | D:3      | Reached XP level 4. HP: 41/41 MP: 4/4
  1531 | D:3      | Reached skill level 3 in Unarmed Combat
  1742 | D:3      | Reached XP level 5. HP: 49/49 MP: 5/5
  1843 | D:3      | Reached skill level 4 in Unarmed Combat
  2073 | D:3      | Reached XP level 6. HP: 55/57 MP: 6/6
  2142 | D:4      | Reached *** piety under Trog
  2215 | D:4      | Noticed Menkaure
  2219 | D:4      | Killed Menkaure
  2227 | D:4      | Reached skill level 5 in Unarmed Combat
  2461 | D:4      | Reached XP level 7. HP: 40/66 MP: 7/7
  2616 | D:4      | Identified the +10 hunting sling "Ciugogaf" {speed, Dex+3}
  2697 | D:4      | Found Xikloalish's Book Shop.
  2880 | D:4      | Noticed Natasha
  2882 | D:4      | Killed Natasha
  2954 | D:5      | Entered Level 5 of the Dungeon
  3326 | D:5      | Noticed a troll
  3333 | D:5      | Killed a troll
  3334 | D:5      | Reached skill level 6 in Unarmed Combat
  3573 | D:5      | Reached XP level 8. HP: 67/78 MP: 8/8
  3788 | D:5      | Found a sacrificial altar of Ru.
  3798 | D:5      | Reached **** piety under Trog
  3862 | D:5      | Found an iron altar of Okawaru.
  4037 | D:6      | Reached skill level 7 in Unarmed Combat
  4040 | D:6      | Noticed Duvessa
  4043 | D:6      | Noticed Dowan
  4050 | D:6      | Killed Duvessa
  4054 | D:6      | Killed Dowan
  4190 | D:6      | Noticed Grinder
  4201 | D:6      | Killed Grinder
  4208 | D:6      | Reached skill level 8 in Unarmed Combat
  4301 | D:6      | Found a staircase to the Ecumenical Temple.
  4309 | D:6      | Noticed Blork the orc
  4313 | D:6      | Killed Blork the orc
  4318 | D:6      | Reached XP level 9. HP: 85/85 MP: 9/9
  4369 | D:6      | Reached skill level 5 in Dodging
  4519 | D:6      | Found a runed translucent door.
  4520 | D:6      | Noticed Crazy Yiuf
  4581 | D:6      | Noticed Eustachio
  4602 | D:6      | Killed Eustachio
  4603 | D:6      | Reached skill level 5 in Fighting
  4705 | D:6      | Found an ancient bone altar of Kikubaaqudgha.
  4705 | D:6      | Found a radiant altar of Vehumet.
  4707 | D:6      | Found a hazy altar of Hepliaklqana.
  4799 | D:6      | Killed Crazy Yiuf
  5049 | D:7      | Identified the +1 robe "Xuhiewat" {rElec Int+6}
  5117 | D:7      | Reached skill level 9 in Unarmed Combat
  5200 | D:7      | Annihilated by a very large slime creature

Illustrated notes

Levels and vault maps discovered:
D:1:      psy_arrival_statuary, layout_basic, ebering_ecumenical_altar_rust,
          chequers_serial_rivers_micro_a
D:2:      layout_basic, minmay_misc_feat_roman
D:3:      layout_rooms, serial_park_tiny_pond, minmay_between
D:4:      layout_basic, serial_shops, shop_fountains, uniq_natasha,
          uniq_menkaure
D:5:      layout_basic, nicolae_ru_great_annihilating_truth, lemuel_round_altar
D:6:      lemuel_ice_spiral_2, layout_rooms,
          gammafunk_temple_overflow_forgotten, minmay_temple_entry_from_below_b,
          uniq_eustachio, uniq_crazy_yiuf_cottage, uniq_grinder, uniq_duvessa,
          uniq_blork_the_orc
D:7:      layout_basic

Skill      XL: |  1  2  3  4  5  6  7  8  9 |
---------------+----------------------------+-----
Unarmed Combat | 1 2 3 4 5 6 8 9 |  9.4
Fighting       | 1 2 3 4 5 |  5.3
Dodging        | 2 3 4 5 |  5.6
Stealth        | |  1.0
Spellcasting   | |  1.2
Transmutations | |  0.6
Earth Magic    | |  2.6

Action                   |  1- 3 |  4- 6 |  7- 9 || total
-------------------------+-------+-------+-------++-------
Melee: Unarmed           |   135 |   156 |    46 ||   337
       Punch             |     1 |     2 |     1 ||     4
 Fire: Hunting sling     |       |       |   200 ||   200
Invok: Berserk           |     3 |     4 |     5 ||    12
  Use: Scroll            |       |     8 |     6 ||    14
Armor: Robe              |    69 |    38 |    24 ||   131
Dodge: Dodged            |    68 |    77 |    54 ||   199

Table legend: (Time is in decaauts)
 A = Elapsed time spent in this place.
 B = Non-inter-level travel time spent in this place.
 C = Inter-level travel time spent in this place.
 D = Time resting spent in this place.
 E = Time spent auto-exploring this place.
 F = Levels seen in this place.
 G = Mean time per level.
                   A        B        C        D        E       F      G
               +--------+--------+--------+--------+--------+-----+--------+
         Total |   5219 |   5023 |    196 |    385 |   3570 |   7 |  745.6 |
       Dungeon |   5219 |   5023 |    196 |    385 |   3570 |   7 |  745.6 |
               +--------+--------+--------+--------+--------+-----+--------+

Top non-repeatable levels by time:
     D:5: 1020 daAuts
     D:6: 899 daAuts
     D:4: 843 daAuts
     D:2: 749 daAuts
     D:3: 699 daAuts
     D:1: 698 daAuts
     D:7: 309 daAuts
